 Dungeon Crawl Stone Soup version 0.21-a0-344-g2144152 (webtiles) character file.

3502 qqqbard the Fighter (level 10, -7/80 HPs)
             Began as a Gnoll Fighter on Oct 4, 2017.
             Was an Initiate of the Shining One.
             Mangled by a two-headed ogre
             ... wielding a +0 dire flail
              (11 damage)
             ... on level 8 of the Dungeon.
             The game lasted 00:10:07 (6839 turns).

qqqbard the Fighter (Gnoll Fighter)                 Turns: 6839, Time: 00:10:08

Health: -7/80      AC: 14    Str: 22    XL:     10   Next: 7%
Magic:  17/17      EV: 10    Int: 16    God:    the Shining One [......]
Gold:   353        SH: 13    Dex: 18    Spells: 18/18 levels left

rFire    . . .     SeeInvis .   a - +0 long sword
rCold    + . .     Gourm    .   c - +1 shield
rNeg     . . .     Faith    .   A - +2 chain mail {rC+}
rPois    .         Spirit   .   (no helmet)
rElec    .         Reflect  .   C - +0 cloak
rCorr    .         Harm     .   (no gloves)
MR       .....                  (no boots)
Stlth    ..........             (no amulet)
HPRegen  0.23/turn              y - +4 ring of dexterity
MPRegen  0.15/turn              x - +5 ring of intelligence

@: lethally poisoned (-7 -> -9), glowing
A: distributed training, fangs 1, screaming 1, strong nose
a: Renounce Religion


You were on level 8 of the Dungeon.
You worshipped the Shining One.
The Shining One was noncommittal.
You were not hungry.

You visited 1 branch of the dungeon, and saw 8 of its levels.

You collected 353 gold pieces.

Inventory:

Hand Weapons
 a - a +0 long sword (weapon)
Armour
 c - a +1 shield (worn)
 A - a +2 chain mail of cold resistance (worn)
 C - a +0 cloak (worn)
Jewellery
 k - an uncursed ring of poison resistance
 x - a +5 ring of intelligence (right hand)
 y - a +4 ring of dexterity (left hand)
 F - a +5 ring of strength {unknown}
 H - an uncursed ring of resist corrosion {unknown}
Wands
 G - a wand of scattershot (5/9)
Scrolls
 b - a scroll of random uselessness {unknown}
 e - 2 scrolls of enchant armour
 h - 5 scrolls of remove curse {unknown}
 j - 3 scrolls of immolation {unknown}
 l - 2 scrolls of magic mapping {unknown}
 p - a scroll of brand weapon {unknown}
 q - 4 scrolls of identify {unknown}
 t - 2 scrolls of amnesia {unknown}
 v - a scroll of fear {unknown}
 z - a scroll of noise {unknown}
 E - a scroll of holy word {unknown}
Potions
 d - a potion of might
 g - a potion of curing
 i - 2 potions of degeneration
 n - a potion of berserk rage {unknown}
 o - 4 potions of brilliance
 r - 3 potions of cancellation {unknown}
 s - 2 potions of flight {unknown}
 u - a potion of magic {unknown}
 B - a potion of agility
 D - a potion of invisibility {unknown}
 I - a potion of lignification {unknown}
Comestibles
 f - 5 bread rations
 m - 15 fruits
 w - 3 royal jellies
 J - 2 meat rations
 K - 4 chunks of flesh


   Skills:
 + Level 8.2 Fighting
 + Level 4.8 Short Blades
 + Level 6.7 Long Blades
 + Level 4.8 Axes
 + Level 4.8 Maces & Flails
 + Level 4.8 Polearms
 + Level 4.8 Staves
 + Level 4.8 Slings
 + Level 4.8 Bows
 + Level 4.8 Crossbows
 + Level 4.8 Throwing
 + Level 8.2 Armour
 + Level 4.8 Dodging
 + Level 4.8 Stealth
 + Level 8.2 Shields
 + Level 4.8 Unarmed Combat
 + Level 4.8 Spellcasting
 + Level 4.8 Conjurations
 + Level 4.8 Hexes
 + Level 4.8 Charms
 + Level 4.8 Summonings
 + Level 4.8 Necromancy
 + Level 4.8 Translocations
 + Level 4.8 Transmutations
 + Level 4.8 Fire Magic
 + Level 4.8 Ice Magic
 + Level 4.8 Air Magic
 + Level 4.8 Earth Magic
 + Level 4.8 Poison Magic
 + Level 4.8 Invocations
 + Level 4.8 Evocations


You had 18 spell levels left.
You didn't know any spells.

Dungeon Overview and Level Annotations

Branches:
Dungeon (8/15)             Temple (0/1) D:4
   Lair: D:8-11

Altars:
Ashenzari
Fedhas
Gozag
Hepliaklqana
Kikubaaqudgha
Makhleb
Okawaru
Qazlal
Ru
Trog
Wu Jian
Xom
The Shining One

Shops:
D:8 :

Portals:
Bailey: D:8


Innate Abilities, Weirdness & Mutations

Your experience applies equally to all skills.
You have very sharp teeth.
Your uncanny sense of smell can sniff out nearby items.
You occasionally shout uncontrollably at your foes.


Message History

The two-headed ogre is heavily wounded.
The two-headed ogre hits you with a giant club!
You slash the two-headed ogre! Your bite misses the two-headed ogre.
The two-headed ogre is severely wounded.
You block the two-headed ogre's attack. The two-headed ogre barely misses you.
You barely miss the two-headed ogre.
The two-headed ogre is severely wounded.
You feel sick.
The two-headed ogre hits you with a dire flail!
* * * LOW HITPOINT WARNING * * *
The two-headed ogre barely misses you.
You slash the two-headed ogre!
The two-headed ogre is almost dead.
You block the two-headed ogre's attack. The two-headed ogre barely misses you.
You hit the two-headed ogre.
The two-headed ogre is almost dead.
The two-headed ogre hits you with a dire flail!
* * * LOW HITPOINT WARNING * * *
The two-headed ogre hits you with a giant club!
You die...

.......#.## ###.#...##
.......#.# #.<.#..##
.........# ##...[...#
........## ####..###...#
.......)## #....## ##..#
###......###.#### #...
#.####.....# #.#. #.
#...### ####.#. #.
###@#...#### #....))
##.##SO.###....###....>.
#####..#.F###
####.........)
.........## #####......
[........# #......
........## #......
.!......# #######.....
......!.. ........####
........## #########


You could see a two-headed ogre, a water moccasin and a bullfrog.

Vanquished Creatures
  The ghost of chris0x the Vandal, a novice DDCK of Xom (D:6)
  Pikel (D:4)
  A wraith (D:7)
  A hungry ghost (D:7)
  An orc warrior (D:6)
  A sky beast (D:7)
  2 ice beasts (D:6)
  A phantom (D:5)
  3 slaves (D:3)
  6 ogres
  A centaur (D:6)
  2 bullfrogs
  A gnoll sergeant (D:7)
  2 scorpions
  3 crimson imps
  2 bullfrog zombies
  A jelly (D:5)
  A quasit (D:6)
  4 hounds
  4 orc priests
  Natasha (thrice) (D:4)
  3 orc wizards
  2 worker ants
  A worker ant zombie (D:7)
  3 gnolls (D:7)
  5 adders
  3 worms
  2 dart slugs
  6 leopard geckos
  14 orcs
  5 giant cockroaches
  3 goblins
  2 hobgoblins
  4 jackals (D:2)
  4 kobolds
  2 ball pythons
  8 bats
  4 frilled lizards
  A leopard gecko skeleton (D:4)
  A leopard gecko zombie (D:5)
  A quokka skeleton (D:4)
  9 rats
125 creatures vanquished.

Vanquished Creatures (others)
  A slave (D:4)
1 creature vanquished.

Grand Total: 126 creatures vanquished

Notes
Turn   | Place    | Note
-------+----------+-------------------------------------------
     0 | D:1      | qqqbard the Gnoll Fighter began the quest for the Orb.
     0 | D:1      | Reached XP level 1. HP: 23/23 MP: 1/1
   152 | D:1      | Reached XP level 2. HP: 29/29 MP: 2/2
   459 | D:1      | Noticed an ogre
   459 | D:1      | Noticed an ogre
   459 | D:1      | Noticed an ogre
   461 | D:1      | Noticed an ogre
   673 | D:2      | Reached XP level 3. HP: 35/35 MP: 3/3
   917 | D:2      | Found an iron altar of Okawaru.
   981 | D:2      | Found a glowing golden altar of the Shining One.
  1041 | D:2      | Reached skill level 1 in Short Blades
  1041 | D:2      | Reached skill level 1 in Axes
  1041 | D:2      | Reached skill level 1 in Maces & Flails
  1041 | D:2      | Reached skill level 1 in Polearms
  1041 | D:2      | Reached skill level 1 in Staves
  1041 | D:2      | Reached skill level 1 in Slings
  1041 | D:2      | Reached skill level 1 in Bows
  1041 | D:2      | Reached skill level 1 in Crossbows
  1041 | D:2      | Reached skill level 1 in Throwing
  1041 | D:2      | Reached skill level 1 in Dodging
  1041 | D:2      | Reached skill level 1 in Stealth
  1041 | D:2      | Reached skill level 1 in Unarmed Combat
  1041 | D:2      | Reached skill level 1 in Spellcasting
  1041 | D:2      | Reached skill level 1 in Conjurations
  1041 | D:2      | Reached skill level 1 in Hexes
  1041 | D:2      | Reached skill level 1 in Charms
  1041 | D:2      | Reached skill level 1 in Summonings
  1041 | D:2      | Reached skill level 1 in Necromancy
  1041 | D:2      | Reached skill level 1 in Translocations
  1041 | D:2      | Reached skill level 1 in Transmutations
  1041 | D:2      | Reached skill level 1 in Fire Magic
  1041 | D:2      | Reached skill level 1 in Ice Magic
  1041 | D:2      | Reached skill level 1 in Air Magic
  1041 | D:2      | Reached skill level 1 in Earth Magic
  1041 | D:2      | Reached skill level 1 in Poison Magic
  1041 | D:2      | Reached skill level 1 in Invocations
  1041 | D:2      | Reached skill level 1 in Evocations
  1074 | D:2      | Reached XP level 4. HP: 24/41 MP: 5/5
  1534 | D:3      | You fall through a shaft!
  1549 | D:4      | Found a bloodstained altar of Trog.
  1583 | D:4      | Noticed an ogre
  1592 | D:4      | Killed an ogre
  1592 | D:4      | Reached XP level 5. HP: 44/47 MP: 5/7
  1614 | D:4      | Noticed an ogre
  1619 | D:4      | Killed an ogre
  1619 | D:4      | Reached XP level 6. HP: 44/53 MP: 8/8
  1623 | D:4      | Noticed Natasha
  1634 | D:4      | Killed Natasha
  1652 | D:4      | Reached skill level 5 in Long Blades
  1653 | D:4      | Noticed Pikel
  1655 | D:4      | Noticed a slave
  1655 | D:4      | Noticed a slave
  1656 | D:4      | Noticed a slave
  1669 | D:4      | Noticed a slave
  1683 | D:4      | Noticed Natasha
  1987 | D:4      | Reached XP level 7. HP: 12/59 MP: 10/10
  1992 | D:4      | Found a sacrificial altar of Ru.
  2761 | D:4      | Found a shimmering altar of Xom.
  3002 | D:3      | HP: 3/60 [slave[Pikel] (4)]
  3411 | D:4      | Killed Pikel
  3411 | D:4      | Reached XP level 8. HP: 59/67 MP: 10/12
  3474 | D:4      | Found an ancient bone altar of Kikubaaqudgha.
  3520 | D:4      | Killed Natasha
  3542 | D:4      | Found a staircase to the Ecumenical Temple.
  3552 | D:4      | Noticed Natasha
  3558 | D:4      | Killed Natasha
  3739 | D:5      | Entered Level 5 of the Dungeon
  3867 | D:5      | Found a stormy altar of Qazlal.
  4510 | D:6      | Found a blossoming altar of Fedhas.
  4617 | D:6      | Noticed chris0x's ghost (novice DDCK)
  4656 | D:6      | Killed chris0x's ghost
  4656 | D:6      | Reached XP level 9. HP: 27/73 MP: 13/15
  4670 | D:6      | Gained mutation: You occasionally shout uncontrollably at your foes. [mutagenic glow]
  4886 | D:6      | Found a burning altar of Makhleb.
  5346 | D:6      | Found an ornate altar of the Wu Jian Council.
  5512 | D:7      | Paralysed by fainting for 9 turns
  5524 | D:7      | Paralysed by fainting for 8 turns
  5645 | D:7      | Found a hazy altar of Hepliaklqana.
  6071 | D:2      | Became a worshipper of the Shining One
  6604 | D:7      | You fall through a shaft!
  6627 | D:8      | Reached XP level 10. HP: 73/80 MP: 17/17
  6701 | D:8      | Found Ukubom's Book Boutique.
  6730 | D:8      | Found a shattered altar of Ashenzari.
  6751 | D:8      | Found an opulent altar of Gozag.
  6818 | D:8      | Found a flagged portal.
  6821 | D:8      | Noticed a two-headed ogre
  6839 | D:8      | HP: 4/80 [two-headed ogre/dire flail (13)]
  6839 | D:8      | Mangled by a two-headed ogre

Vault maps used:
D:1:      erik_arrival_cave_to_civilisation
D:2:      nicolae_tso_swordbearing_angel, overflow_temple_1_default
D:3:      kennysheep_nub, grunt_ministairs_4, minmay_item_behind_shaft
D:4:      xom_confusion_cloud, lemuel_doored_altar,
          lemuel_coloured_pillars_altar, lemuel_crystal_altar, temple_doors_cd,
          palyth_stone_intersect, lemuel_another_geyser, uniq_natasha,
          uniq_pikel
D:5:      lemuel_crystal_altar, first_bread
D:6:      kennysheep_mini, kennysheep_little_box, fedhas_altar_3
D:7:      nicolae_overflow_crystal_walls
D:8:      lemuel_crystal_altar, overflow_temple_1_default, serial_shops,
          nicolae_shop_crystal, enter_bailey_2, basic_altar

Skill      XL: |  1  2  3  4  5  6  7  8  9 |
---------------+----------------------------+-----
Short Blades   | 1 2 3 4 |  4.8
Axes           | 1 2 3 4 |  4.8
Maces & Flails | 1 2 3 4 |  4.8
Polearms       | 1 2 3 4 |  4.8
Staves         | 1 2 3 4 |  4.8
Slings         | 1 2 3 4 |  4.8
Bows           | 1 2 3 4 |  4.8
Crossbows      | 1 2 3 4 |  4.8
Throwing       | 1 2 3 4 |  4.8
Dodging        | 1 2 3 4 |  4.8
Stealth        | 1 2 3 4 |  4.8
Unarmed Combat | 1 2 3 4 |  4.8
Spellcasting   | 1 2 3 4 |  4.8
Conjurations   | 1 2 3 4 |  4.8
Hexes          | 1 2 3 4 |  4.8
Charms         | 1 2 3 4 |  4.8
Summonings     | 1 2 3 4 |  4.8
Necromancy     | 1 2 3 4 |  4.8
Translocations | 1 2 3 4 |  4.8
Transmutations | 1 2 3 4 |  4.8
Fire Magic     | 1 2 3 4 |  4.8
Ice Magic      | 1 2 3 4 |  4.8
Air Magic      | 1 2 3 4 |  4.8
Earth Magic    | 1 2 3 4 |  4.8
Poison Magic   | 1 2 3 4 |  4.8
Invocations    | 1 2 3 4 |  4.8
Evocations     | 1 2 3 4 |  4.8
Long Blades    | 5 6 |  6.7
Fighting       | 7 8 |  8.2
Armour         | 7 8 |  8.2
Shields        | 7 8 |  8.2

Action                   |  1- 3 |  4- 6 |  7- 9 | 10-12 || total
-------------------------+-------+-------+-------+-------++-------
Melee: Long sword        |    98 |    78 |   453 |    43 ||   672
       Bite              |    13 |    13 |    91 |     6 ||   123
       Unarmed           |       |    20 |     7 |       ||    27
  Use: Scroll            |       |     2 |       |       ||     2
       Potion            |       |       |     4 |       ||     4
  Eat: Chunk             |     1 |     2 |     5 |     2 ||    10
       Meat ration       |       |       |     3 |       ||     3
       Bread ration      |       |       |     1 |       ||     1
Armor: Scale mail        |    47 |    12 |    25 |       ||    84
       Skin              |       |    10 |       |       ||    10
       Chain mail        |       |       |   225 |    23 ||   248
Dodge: Dodged            |    29 |    49 |   182 |    16 ||   276
Block: Shield            |    73 |    43 |   315 |    33 ||   464
       Rpst.: Long sword |     8 |     6 |    45 |     6 ||    65

Table legend:
 A = Spawn XP
 B = Non-spawn XP
 C = Spawn XP percentage of total XP
 D = Spawn monster count
 E = Non-spawn monster count
 F = Spawn count percentage of total count
 G = Total turns spent on level
                    A         B        C        D         E        F      G
               +---------+---------+-------+---------+---------+-------+---------
         Total |       0 |    5004 |   0.0 |       0 |     122 |   0.0 |  6839
               +---------+---------+-------+---------+---------+-------+---------
           D:1 |       0 |      28 |   0.0 |       0 |      17 |   0.0 |   591
           D:2 |       0 |      65 |   0.0 |       0 |      20 |   0.0 |   703
           D:3 |       0 |     134 |   0.0 |       0 |      14 |   0.0 |  1637
           D:4 |       0 |    1209 |   0.0 |       0 |      19 |   0.0 |   978
           D:5 |       0 |     289 |   0.0 |       0 |       9 |   0.0 |   698
           D:6 |       0 |    1644 |   0.0 |       0 |      14 |   0.0 |  1119
           D:7 |       0 |    1239 |   0.0 |       0 |      21 |   0.0 |   878
           D:8 |       0 |     396 |   0.0 |       0 |       8 |   0.0 |   235
               +---------+---------+-------+---------+---------+-------+---------
